Match 47128198
Unlisted

Match 47128198
End
Construct Barracks
Selects Armored Battlegroup
Selects Assault Engineers
Assault Engineer Squad
Assault Engineer Squad
1⁄4-ton 4x4 Truck
Construct Weapon Support Center
M1919 Machine Gun Team
Infantry Support Center
Assault Engineer Squad
Construct Medical Station
Bazooka Squad
Selects Strength in Steel
Bazooka Squad
Construct Motor Pool
1⁄4-ton 4x4 Truck
Assault Engineer Squad
Selects M31 Recovery Vehicle
Construct Tank Depot
Bazooka Squad
Sniper
Improved M9 Bazooka Rockets
Selects Seek and Destroy
M4A1 Sherman Medium Tank
Bazooka Squad
Bazooka Squad
Assault Engineer Squad
M4(105) Sherman Bulldozer
M3 Armored Personnel Carrier
Assault Engineer Squad
Assault Engineer Squad
Selects M4A3E8 Sherman Combat Group
Selects War Machine
Aqely
Deathwing The Boss
gal.2022
DK
chjkop5
Spicy
Helowen
Lergofel
0
0

Comments sign in to comment!

No comments posted yet!